 Dungeon Crawl Stone Soup version 0.16-a0-1029-gdfc7942 (webtiles) character file.

136 RobertPalmer the Cudgeler (level 5, -4/34 HPs)
             Began as an Octopode Gladiator on Oct 4, 2014.
             Killed from afar by an orc wizard (7 damage)
             ... with a magic dart
             ... on level 3 of the Dungeon.
             The game lasted 00:05:31 (2366 turns).

RobertPalmer the Cudgeler (Octopode Gladiator)      Turns: 2366, Time: 00:05:32

HP  -4/34        AC  7     Str 15      XL: 5   Next: 19%
MP   5/5         EV 13     Int 16      God:
Gold 97          SH  0     Dex 12      Spells:  0 memorised,  4 levels left

rFire  + . .     SeeInvis .     a - +4 mace (protect)
rCold  + . .     Clarity  .     (no shield)
rNeg   . . .     rCorr    +     c - +1 hat
rPois  +         rRot     .     (no amulet)
rElec  +         Spirit   .     n - ring of stealth
SustAb .         Warding  .     (no ring)
rMut   .         Stasis   .     (no ring)
Gourm  .                        (no ring)
MR     .....                    (no ring)
                                (no ring)
                                (no ring)
                                (no ring)

@: brilliant, resistant, slowed, very slow, not resistant to hostile
enchantments, fairly stealthy
A: almost no armour, amphibious, 8 rings, constrict 8, camouflage 1, breathe
flames 1, gelatinous body 1
a: Breathe Fire


You were on level 3 of the Dungeon.
You were hungry.

You visited 1 branch of the dungeon, and saw 3 of its levels.

You collected 97 gold pieces.


Innate Abilities, Weirdness & Mutations

You cannot wear most types of armour.
You are amphibious.
You can wear up to eight rings at the same time.
You can use your tentacles to constrict many enemies at once.
Your skin changes colour to match your surroundings (Stealth).
Your rubbery body absorbs attacks (AC +1).
You can breathe flames.


   Skills:
 - Level 2.0 Fighting
 + Level 5.7 Maces & Flails
 - Level 2.0 Throwing
 - Level 3.0 Dodging


You had 4 spell levels left.
You didn't know any spells.

Inventory:

Hand weapons
 a - a +4 mace of protection (weapon)
 b - a +1 mace of holy wrath
Missiles
 d - a throwing net (quivered)
 i - 12 poisoned needles
Armour
 c - a +1 hat (worn)
Magical devices
 q - a wand of digging (23)
Comestibles
 f - 2 bread rations
 g - 2 meat rations
Scrolls
 j - a scroll of identify
 k - a scroll of fog
 r - a scroll of random uselessness
Jewellery
 n - a ring of stealth (left tentacle)
Potions
 m - a potion of poison {!q}

Dungeon Overview and Level Annotations

Branches:
Dungeon (3/15)

Altars:
Makhleb

............##..........# ..
.......# #...##....(.....#.
.<......##..#.....#.........##
...........##....###.#..#.....
...?......###.....##.##......#
......>..........#.##.. ##..#..
.......%..............#......#.
.........##.##o.......###......
........##wo.@.......####..##§
.........#######.............§
#......#. #######......######§
###.#. ..........<(...##.....
.... ...................###
.... .........#...(#....... .
#.....................
.........(............
.......................


You could see a worm, an orc wizard (caught) and an orc (caught).


Message History

The magic dart hits you!
* * * LOW HITPOINT WARNING * * *
The worm completely misses you.
The orc wizard gestures at you while chanting.
The magic dart hits you!
* * * LOW HITPOINT WARNING * * *
The orc wizard casts a spell at you. The magic dart hits you!
* * * LOW HITPOINT WARNING * * *
That item cannot be evoked!
Read which item? (? for menu, Esc to quit)
Okay, then.
Drink which item? (? for menu, Esc to quit)
Okay, then.
Throwing (i - inventory):
d - 3 throwing nets (quivered)
Aim: an orc wizard, wielding a dagger and wearing a robe (fast)
You throw a throwing net.
The throwing net barely misses the orc wizard.
The throwing net hits the orc.
The orc is caught in the net!
The orc wizard closely misses you.
The orc struggles against the net.
The orc struggles to escape the net.
The orc wizard casts a spell at you. You resist.
Throwing (i - inventory):
d - 2 throwing nets (quivered)
Aim: an orc wizard, wielding a dagger and wearing a robe (fast)
You throw a throwing net. The throwing net hits the orc wizard.
The orc wizard is caught in the net!
The orc wizard gestures at you while chanting.
The magic dart hits you!
You die...

Action                   |  1- 3 |  4- 6 || total
-------------------------+-------+-------++-------
Melee: Flail             |    39 |       ||    39
       Mace              |    34 |    35 ||    69
Throw: Throwing net      |       |     2 ||     2
Evoke: Wand              |       |     1 ||     1
  Use: Scroll            |     1 |     6 ||     7
       Potion            |       |     5 ||     5
 Stab: Sleeping          |     3 |     6 ||     9
  Eat: Chunk             |     2 |     2 ||     4

Vault maps used:
D:1:      ldierk_walled_garden, minivault_26, hangedman_decor_clover_reticule,
          roderic_lattice_a, interstate_on_off
D:2:      uniq_terence, uniq_iyjb
D:3:      minmay_goblin_kobold_castle, lemuel_crystal_altar, first_bread,
          portal_sewer_entry_a

Notes
Turn   | Place    | Note
--------------------------------------------------------------
     0 | D:1      | RobertPalmer, the Octopode Gladiator, began the quest for the Orb.
     0 | D:1      | Reached XP level 1. HP: 14/14 MP: 1/1
   247 | D:1      | Reached XP level 2. HP: 19/19 MP: 2/2
   682 | D:1      | Reached skill level 4 in Maces & Flails
   907 | D:1      | Reached XP level 3. HP: 24/24 MP: 3/3
  1222 | D:2      | Noticed Ijyb
  1245 | D:2      | Killed Ijyb
  1502 | D:2      | Reached XP level 4. HP: 29/29 MP: 4/4
  1705 | D:2      | Noticed Terence
  1709 | D:2      | Killed Terence
  1709 | D:2      | Reached skill level 5 in Maces & Flails
  2144 | D:3      | Found a burning altar of Makhleb.
  2319 | D:3      | Reached XP level 5. HP: 29/34 MP: 5/5
  2357 | D:3      | Identified a potion of resistance
  2358 | D:3      | Gained mutation: You can breathe flames. [potion of beneficial mutation]
  2361 | D:3      | HP: 2/34 [orc wizard/magic dart (8)]
  2366 | D:3      | Killed from afar by an orc wizard

Vanquished Creatures
  A hound (D:3)
  Ijyb (D:2)
  Terence (D:2)
  2 adders (D:2)
  A worm (D:2)
  2 giant geckos
  An ooze (D:2)
  2 ball pythons
  2 bats
  2 giant cockroaches
  5 hobgoblins
  8 kobolds
  2 giant newts (D:2)
  8 goblins
  7 jackals (D:1)
  A quokka (D:2)
  7 rats
53 creatures vanquished.

Vanquished Creatures (others)
  5 toadstools (D:1)
5 creatures vanquished.

Grand Total: 58 creatures vanquished
